 Dungeon Crawl Stone Soup version 0.29.1-4-g47bece8355 (webtiles) character file.

Game seed: 3409170735507915564

43 trench the Grasshopper (level 3, -10/29 HPs)
             Began as a Draconian Warper on Dec 5, 2022.
             Mangled by Crazy Yiuf
             ... wielding a +2 quarterstaff of chaos
              (14 damage)
             ... on level 2 of the Dungeon.
             The game lasted 00:04:59 (1426 turns).

trench the Grasshopper (Draconian Warper)           Turns: 1426, Time: 00:05:00

Health: -10/29     AC:  5    Str: 15    XL:     3   Next: 37%
Magic:  6/6        EV: 12    Int: 13    God:
Gold:   77         SH:  3    Dex: 16    Spells: 4/6 levels left

rFire   . . .      SeeInvis .   a - +0 falchion
rCold   . . .      Faith    .   k - +0 buckler
rNeg    + . .      Spirit   .   (body armour unavailable)
rPois   .          Reflect  .   (helmet restricted)
rElec   .          Harm     .   (no cloak)
rCorr   .          Rampage  .   (no gloves)
Will    .....                   (no boots)
Stlth   +.........              (no amulet)
HPRegen 0.09/turn               d - +6 ring of dexterity
MPRegen 0.10/turn               h - ring of positive energy

@: no status effects
A: AC +5, unfitting armour, cold-blooded
a: no special abilities


You were on level 2 of the Dungeon.
You visited 1 branch of the dungeon, and saw 2 of its levels.

You collected 77 gold pieces.

Inventory:

Hand Weapons
 a - a +0 falchion (weapon)
Missiles
 c - 7 boomerangs of dispersal (quivered)
Armour
 k - a +0 buckler (worn)
Jewellery
 d - a +6 ring of dexterity (left hand)
 h - a ring of positive energy (right hand)
Scrolls
 b - a scroll of blinking
 e - 2 scrolls of teleportation {unknown}
 g - 3 scrolls of identify {unknown}
 i - a scroll of summoning {unknown}
 j - a scroll of amnesia {unknown}
 l - a scroll of fear {unknown}
Potions
 f - a potion of heal wounds {unknown}


   Skills:
 - Level 2.1 Fighting
 * Level 3.0 Long Blades
 - Level 0.8 Throwing
 - Level 2.1 Dodging
 + Level 2.4 Spellcasting
 + Level 3.4 Translocations


You had 4 spell levels left.
You knew the following spells:

 Your Spells              Type           Power      Damage    Failure   Level
a - Blink                 Tloc           20%        N/A       12%         2

Your spell library contained the following spells:

 Spells                   Type           Power      Damage    Failure   Level
 Gell's Gravitas          Tloc           10%        N/A       24%         3
 Lesser Beckoning         Tloc           10%        N/A       24%         3
 Teleport Other           Tloc           10%        N/A       24%         3
 Manifold Assault         Tloc           10%        N/A       92%         5


Dungeon Overview and Level Annotations

Branches:
Dungeon (2/15)

Altars:

Annotations:
D:2 Crazy Yiuf


Innate Abilities, Weirdness & Mutations

Your plain brown scales are hard. (AC +5)
You cannot fit into any form of body armour.
You are cold-blooded and may be slowed by cold attacks.


Message History

You hit the bat.
You kill the bat!
You see here a bat corpse.
No target in view!
An adder comes into view.
The adder hisses angrily.
The adder bites you but does no damage.
You barely miss the adder. The adder bites you but does no damage.
You hit the adder.
Your tail-slap misses the adder.
The adder is moderately wounded.
The adder closely misses you. The adder bites you but does no damage.
You miss the adder.
The adder is moderately wounded.
The adder bites you. The adder bites you but does no damage.
You hit the adder.
The adder is severely wounded.
You block the adder's attack.
You hit the adder.
You kill the adder!
Your Long Blades skill increases to level 3!
Found a helmet.
No target in view!
You see here a bat corpse.
You now have 77 gold pieces (gained 11).
Found a hammer.
Found a runed translucent door.
Crazy Yiuf shouts!
You open the door. You hit Crazy Yiuf.
Crazy Yiuf is moderately wounded.
Crazy Yiuf closely misses you.
You hit Crazy Yiuf.
Crazy Yiuf is heavily wounded.
Crazy Yiuf hits you with a +2 quarterstaff of chaos!
You slash Crazy Yiuf!
Crazy Yiuf is almost dead.
Crazy Yiuf grits, "Iron sing unthinkable!"
Crazy Yiuf hits you with a +2 quarterstaff of chaos!
* * * LOW HITPOINT WARNING * * *
You are electrocuted!
You die...

######♣♣ ### #####......♣♣
♣♣#..)#
............♣♣♣♣@g...#
#####........♣..♣#...#
#.##....♣.♣♣♣ ###
#####.####♣♣♣♣♣ ........#
#####.#.## ### ###
#....####.######.#
#.........#......#
##.............############


You could see Crazy Yiuf.

Vanquished Creatures
  An adder (D:2)
  2 dart slugs (D:1)
  4 endoplasms (D:1)
  A giant cockroach (D:2)
  2 hobgoblins (D:1)
  4 quokkas
  4 ball pythons (D:1)
  5 bats
  2 frilled lizards
  2 kobolds (D:1)
  3 rats (D:1)
30 creatures vanquished.

Notes
Turn   | Place    | Note
-------+----------+-------------------------------------------
     0 | D:1      | trench the Draconian Warper began the quest for the Orb.
     0 | D:1      | Reached XP level 1. HP: 17/17 MP: 3/3
   332 | D:1      | Reached XP level 2. HP: 23/24 MP: 5/5
   576 | D:1      | Learned a level 2 spell: Blink
   984 | D:1      | Reached XP level 3. HP: 27/29 MP: 6/6
  1419 | D:2      | Found a runed translucent door.
  1420 | D:2      | Noticed Crazy Yiuf
  1426 | D:2      | Mangled by Crazy Yiuf

Illustrated notes

Levels and vault maps discovered:
D:1:      lightli_molten_gateway, layout_basic, minivault_23
D:2:      layout_loops_ring, palyth_stone_intersect, uniq_crazy_yiuf_cottage,
          uniq_terence

Skill      XL: |  1  2  3 |
---------------+----------+-----
Long Blades    | 3 |  3.0
Fighting       | |  2.1
Throwing       | |  0.8
Dodging        | |  2.1
Spellcasting   | |  2.4
Translocations | |  3.4

Action                   || total
-------------------------++-------
Melee: Falchion          ||    83
       Tailslap          ||     3
 Cast: Blink             ||     3
 Stab: Sleeping          ||     2
Armor: Skin              ||    40
Dodge: Dodged            ||    66
Block: Buckler           ||     2
